 Dungeon Crawl Stone Soup version 0.28.0-43-g3370ac3207 (webtiles) character file.

Game seed: 14341587604929342789

91 Peloso the Shield-Bearer (level 4, -3/40 HPs)
             Began as a Minotaur Fighter on Mar 17, 2022.
             Killed from afar by an orc wizard (5 damage)
             ... with a magic dart
             ... on level 3 of the Dungeon.
             The game lasted 00:04:01 (1882 turns).

Peloso the Shield-Bearer (Minotaur Fighter)         Turns: 1882, Time: 00:04:02

Health: -3/40      AC:  9    Str: 21    XL:     4   Next: 34%
Magic:  3/3        EV:  7    Int:  5    God:
Gold:   90         SH:  0    Dex: 11    Spells: 3/3 levels left

rFire   . . .      SeeInvis .   a - +0 long sword
rCold   . . .      Faith    .   c - +0 buckler
rNeg    . . .      Spirit   .   r - +0 chain mail
rPois   .          Reflect  .   (helmet restricted)
rElec   .          Harm     .   (no cloak)
rCorr   .          Rampage  .   (no gloves)
Will    .....                   (no boots)
Stlth   ..........              (no amulet)
HPRegen 0.13/turn               (no ring)
MPRegen 0.08/turn               (no ring)

@: confused
A: horns 2, retaliatory headbutt
a: no special abilities


You were on level 3 of the Dungeon.
You visited 1 branch of the dungeon, and saw 3 of its levels.

You collected 102 gold pieces.
You spent 12 gold pieces at shops.

Inventory:

Hand Weapons
 a - a +0 long sword (weapon)
 b - the +3 dagger of the Bespelling Traitor {flame, rElec rF+++ rCorr Str-2}
   (You found it on level 2 of the Dungeon)

   It burns those it strikes, dealing additional fire damage.
   Str:       It affects your strength (-2).
   rF:        It renders you almost immune to fire.
   rElec:     It insulates you from electricity.
   rCorr:     It protects you from acid and corrosion.
Missiles
 m - a throwing net (quivered)
Armour
 c - a +0 buckler (worn)
 l - a +0 scale mail
 r - a +0 chain mail (worn)
Scrolls
 g - a scroll of vulnerability {unknown}
 h - a scroll of fear {unknown}
 i - 2 scrolls of identify {unknown}
 k - 2 scrolls of silence {unknown}
 o - a scroll of immolation {unknown}
 p - a scroll of teleportation {unknown}
 q - a scroll of magic mapping {unknown}
Potions
 d - a potion of might
 e - a potion of magic
 f - a potion of attraction {unknown}
 j - 2 potions of curing {unknown}
 n - a potion of haste {unknown}
 s - a potion of flight {unknown}


   Skills:
 + Level 4.2 Fighting
 + Level 3.3 Long Blades
 + Level 4.2 Armour
 + Level 1.0 Dodging
 + Level 4.6 Shields


You had 3 spell levels left.
You didn't know any spells.
Your spell library contained the following spells:

 Spells                   Type           Power      Damage    Failure   Level
 Summon Lightning Spire   Summ/Air       0%         N/A       100%        4
 Storm Form               Tmut/Air       0%         N/A       100%        7
 Maxwell's Capacitive Co  Air            0%         ∞         100%        8


Dungeon Overview and Level Annotations

Branches:
Dungeon (3/15)

Altars:
Dithmenos
Vehumet

Shops:
D:3 !


Innate Abilities, Weirdness & Mutations

You have a pair of horns on your head.
You reflexively headbutt those who attack you in melee.


Message History

A puff of flame appears from out of thin air!
The puff of flame misses you.
You hear some strange, mumbled words.
A puff of flame appears from out of thin air!
The puff of flame hits something!
Reactivating autopickup.
You bump into the stone wall.
The orc wizard hits you but does no damage.
Something hits you but does no damage.
Deactivating autopickup; reactivate with Ctrl-A.
A magic dart appears from out of thin air!
The magic dart hits you but does no damage.
Unknown command.
It was a potion of magic.
Magic courses through your body. The orc wizard closely misses you.
The orc wizard hits you but does no damage.
There is a fountain of clear blue water here.
Unknown command.
You miss the orc wizard. You headbutt the orc wizard.
The orc wizard is moderately wounded.
An orc wizard appears from thin air!
Reactivating autopickup.
The orc wizard closely misses you.
You hear some strange, mumbled words.
A magic dart appears from out of thin air!
Deactivating autopickup; reactivate with Ctrl-A.
The magic dart hits you. Something hits you.
The orc wizard gestures at you while chanting.
You are more confused.
The orc wizard gestures at you while chanting.
The puff of flame hits you.
* * * LOW HITPOINT WARNING * * *
You barely miss the orc wizard.
The orc wizard is moderately wounded.
You are engulfed in a cloud of scalding steam.
* * * LOW HITPOINT WARNING * * *
You hear some strange, mumbled words.
A magic dart appears from out of thin air!
The magic dart hits you.
You die...

......#..##..... ####..##.##
......#..# #### ##### #.......
.........# #._.# #.....##
.........# #... #####.#
.........##+###+###'## #.#
.....<...#...........# ..#
.).......#....⌠.⌠....# ....
.........##....⌠.o..## #....
..........##..⌠.@{.## #.###
...........##...o.## #.#
............###.########## #.#
..#.##.....>#............# #.#
..#.##......#............###.#
.............................##
..#.##.......#......|....###..###
.##......................# #.....
..........#+###..........# #..##.


You could see 2 orc wizards.

Vanquished Creatures
  2 adders (D:2)
  A dart slug (D:2)
  3 worms
  8 endoplasms
  3 giant cockroaches
  5 goblins
  6 hobgoblins
  3 jackals (D:1)
  3 quokkas
  3 ball pythons
  6 bats
  5 frilled lizards
  4 kobolds
  8 rats
60 creatures vanquished.

Vanquished Creatures (others)
  An orc wizard (D:3)
  A demonic plant (D:1)
  A plant (D:1)
  4 toadstools (D:1)
  A withered plant (D:1)
8 creatures vanquished.

Grand Total: 68 creatures vanquished

Notes
Turn   | Place    | Note
-------+----------+-------------------------------------------
     0 | D:1      | Peloso the Minotaur Fighter began the quest for the Orb.
     0 | D:1      | Reached XP level 1. HP: 19/19 MP: 0/0
   167 | D:1      | Found a faded altar of an unknown god.
   184 | D:1      | Reached XP level 2. HP: 27/27 MP: 1/1
   618 | D:2      | Identified the +3 dagger of the Bespelling Traitor {flame,
                  | rElec rF+++ rCorr Str-2}
   737 | D:2      | Reached XP level 3. HP: 33/33 MP: 2/2
  1333 | D:2      | Reached XP level 4. HP: 40/40 MP: 3/3
  1572 | D:3      | Reached skill level 1 in Dodging
  1633 | D:3      | Found Puichenu's Distillery.
  1636 | D:3      | Found a shadowy altar of Dithmenos.
  1641 | D:3      | Bought a potion of degeneration for 12 gold pieces
  1856 | D:3      | Found a radiant altar of Vehumet.
  1882 | D:3      | HP: 2/40 [orc wizard] (8)]
  1882 | D:3      | Killed from afar by an orc wizard

Illustrated notes

Levels and vault maps discovered:
D:1:      ldierk_water_garden, layout_rooms, shapermc_ecumenical_altar_gd
D:2:      layout_loops_cross, minmay_small_reverse_x
D:3:      layout_basic, palyth_temple_overflow_mages,
          mainiacjoe_overflow_concentric_impassable, grunt_dithmenos_smoke,
          serial_shops, nicolae_square_shop

Skill      XL: |  1  2  3  4 |
---------------+-------------+-----
Shields        | 4 |  4.6
Armour         | 4 |  4.2
Fighting       | 4 |  4.2
Long Blades    | 3 |  3.3
Dodging        | 1 |  1.0

Action                   |  1- 3 |  4- 6 || total
-------------------------+-------+-------++-------
Melee: Long sword        |    98 |    39 ||   137
       Headbutt          |     9 |     8 ||    17
  Use: Potion            |       |     1 ||     1
Armor: Scale mail        |    44 |       ||    44
       Chain mail        |       |    40 ||    40
Dodge: Dodged            |    46 |    15 ||    61
Block: Buckler           |    26 |     4 ||    30
